 Dungeon Crawl Stone Soup version 0.29-a0-837-g174bc33265 (webtiles) character file.

Game seed: 11070306775908353855

1531641 Ge0ff the Jinx (level 25, 192/192 HPs)
             Began as a Demigod Delver on July 13, 2022.
             Escaped with the Orb
             ... and 3 runes on July 15, 2022!
             The game lasted 04:40:47 (86679 turns).

Ge0ff the Jinx (Demigod Delver)                    Turns: 86679, Time: 04:40:47

Health: 192/192    AC: 32    Str: 14      XL:     25   Next: 74%
Magic:  56/56      EV: 16    Int: 49 (51) God:
Gold:   4524       SH: 11    Dex: 21 (23) Spells: 4/53 levels left

rFire   + + .      SeeInvis +   a - +9 dagger of Folac {protect, rPois Str+2}
rCold   + + +      Faith    .   Q - +3 buckler {AC+3}
rNeg    . . .      Spirit   .   D - +7 ring mail "Ozautsed" {rF+ Regen+ SInv}
rPois   +          Reflect  .   J - +2 helmet {Int+3}
rElec   +          Harm     .   x - +1 cloak of Sif Muna's Esteem {rElec rF+ MP+9}
rCorr   +          Rampage  +   i - +1 pair of gloves "Fiattoxa" {Fly rC++ Int+7}
Will    +++++                   G - +2 pair of boots {rampage}
Stlth   +.........              A - amulet of magic regeneration
HPRegen 1.22/turn               X - ring "Lenguhas" {*Corrode Fly rElec rF+ Int+4}
MPRegen 0.75/turn               L - ring "Xyzigel" {rF- rC++ Will+++ rCorr Slay+4, =R}

@: flying, studying 2 skills
A: high MP 1, forlorn, divine attributes, iridescent scales 1, agile 1, dopey 1,
screaming 1, inhibited regeneration, evolution 1, subdued magic 1
0: Orb of Zot
}: 3/15 runes: barnacled, silver, gossamer
a: no special abilities


You escaped.
You visited 11 branches of the dungeon, and saw 52 of its levels.
You visited the Abyss 3 times.
You also visited: Ossuary, Ice Cave, Volcano, Wizlab and Desolation.

You collected 8457 gold pieces.
You spent 3933 gold pieces at shops.

Inventory:

Hand Weapons
 a - the +9 dagger of Folac (weapon) {protect, rPois Str+2}
   (You found it on level 6 of the Lair of Beasts)

   It grants its wielder temporary protection when it strikes (+7 to AC).
   Str:       It affects your strength (+2).
   rPois:     It protects you from poison.
 h - a +9 vampiric double sword
 w - a +9 dagger of electrocution
Missiles
 g - 7 throwing nets {=F}
 k - 8 javelins
 l - 12 silver javelins
 v - 7 curare-tipped darts {=F}
 Z - 25 boomerangs (quivered)
Armour
 i - the +1 pair of gloves "Fiattoxa" (worn) {Fly rC++ Int+7}
   (You found it on level 3 of the Dungeon)

   Int:       It affects your intelligence (+7).
   rC:        It greatly protects you from cold.
   Fly:       It grants you flight.
 x - the +1 cloak of Sif Muna's Esteem (worn) {rElec rF+ MP+9}
   (You found it on level 3 of the Vaults)

   rF:        It protects you from fire.
   rElec:     It insulates you from electricity.
   MP:        It affects your magic capacity (+9).
 D - the +7 ring mail "Ozautsed" (worn) {rF+ Regen+ SInv}
   (You found it on level 3 of the Elven Halls)

   rF:        It protects you from fire.
   SInv:      It lets you see invisible.
   Regen:     It increases your rate of health regeneration.
 G - a +2 pair of boots of rampaging (worn)
 J - a +2 helmet of intelligence (worn)
 Q - a +3 buckler of protection (worn)
Magical Staves
 b - a staff of death
Jewellery
 e - the ring of Painiygg {rElec rC+ rN+ Stlth+}
   (You found it on level 3 of the Crypt)

   [ring of positive energy]

   rC:        It protects you from cold.
   rElec:     It insulates you from electricity.
   rN:        It protects you from negative energy.
   Stlth:     It makes you more stealthy.
 A - an amulet of magic regeneration (around neck)
 L - the ring "Xyzigel" (right hand) {rF- rC++ Will+++ rCorr Slay+4, =R}
   (You took it off a servant of whispers in the Desolation of Salt)

   [ring of slaying]

   Slay:      It affects your accuracy & damage with ranged weapons and melee
   (+4).
   rF:        It makes you vulnerable to fire.
   rC:        It greatly protects you from cold.
   rCorr:     It protects you from acid and corrosion.
   Will:      It greatly increases your willpower.
 X - the ring "Lenguhas" (left hand) {*Corrode Fly rElec rF+ Int+4}
   (You bought it in a shop on level 3 of the Dungeon)

   [ring of flight]

   Int:       It affects your intelligence (+4).
   rF:        It protects you from fire.
   rElec:     It insulates you from electricity.
   Fly:       It grants you flight.
   *Corrode:  It may corrode you when you take damage.
Wands
 f - a wand of flame (54)
 j - a wand of acid (6)
 p - a wand of paralysis (18)
 r - a wand of roots (44)
 s - a wand of mindburst (8)
 P - a wand of polymorph (15)
Scrolls
 m - a scroll of magic mapping
 y - 9 scrolls of immolation
 B - 3 scrolls of blinking
 C - 12 scrolls of poison
 E - 9 scrolls of fear
 F - 7 scrolls of fog
 S - 8 scrolls of summoning
 T - 17 scrolls of teleportation
 V - 5 scrolls of vulnerability
Potions
 o - 16 potions of ambrosia
 q - 17 potions of curing
 z - 3 potions of brilliance
 H - 6 potions of haste {!q}
 I - 8 potions of invisibility
 K - 6 potions of magic {!q}
 M - a potion of might
 N - 5 potions of cancellation {!q}
 R - 7 potions of resistance
 W - 5 potions of heal wounds {!q}
Miscellaneous
 c - a condenser vane
 n - a phial of floods
 t - a tin of tremorstones (2/2)
 O - a box of beasts
 U - a phantom mirror


   Skills:
 + Level 9.3 Fighting
 - Level 10.0 Short Blades
 + Level 8.0 Throwing
 + Level 13.7 Armour
 + Level 8.8 Dodging
 - Level 4.5 Stealth
 + Level 11.7 Shields
 - Level 14.5 Spellcasting
 + Level 13.0 Conjurations
 - Level 14.9 Hexes
 - Level 10.0 Summonings
 + Level 8.9 Necromancy
 + Level 9.3 Translocations
 - Level 14.5 Transmutations
 - Level 12.9 Fire Magic
 - Level 8.0 Ice Magic
 - Level 3.0 Air Magic
 - Level 14.5 Earth Magic
 - Level 12.9 Poison Magic
 + Level 11.2 Evocations


You had 4 spell levels left.
You knew the following spells:

 Your Spells              Type           Power      Damage    Failure   Level
d - Dispersal             Tloc           39%        N/A       3%          6
f - Discord               Hex            48%        N/A       14%         8
g - Apportation           Tloc           100%       N/A       0%          1
i - Ignite Poison         Fire/Tmut/Pois 91%        N/A       0%          3
j - Poisonous Vapours     Pois/Air       100%       N/A       1%          2
k - Dispel Undead         Necr           76%        3d25      1%          4
m - Iskenderun's Mystic   Conj/Tloc      84%        2d17      1%          4
r - Olgreb's Toxic Radia  Pois           90%        N/A       1%          4
s - Summon Mana Viper     Hex/Summ       88%        N/A       1%          5
w - Passwall              Tmut/Erth      79%        N/A       0%          2
C - Lee's Rapid Deconstr  Erth           47%        3d24*     1%          5
E - Irradiate             Conj/Tmut      46%        3d27      1%          5

Your spell library contained the following spells:

 Spells                   Type           Power      Damage    Failure   Level
 Necrotise                Necr           100%       1d9       0%          1
 Sandblast                Erth           100%       2d20      0%          1
 Sting                    Tmut/Pois      100%       1d8       0%          1
 Summon Small Mammal      Summ           100%       N/A       0%          1
 Scorch                   Fire           100%       2d10      0%          2
 Wereblood                Tmut           95%        N/A       0%          2
 Conjure Flame            Conj/Fire      90%        6-21      0%          3
 Dazzling Flash           Conj/Hex       100%       N/A       0%          3
 Inner Flame              Hex/Fire       93%        N/A       0%          3
 Portal Projectile        Hex/Tloc       100%       N/A       0%          3
 Stone Arrow              Conj/Erth      100%       3d13      0%          3
 Summon Guardian Golem    Hex/Summ       88%        N/A       0%          3
 Tukima's Dance           Hex            96%        N/A       0%          3
 Cause Fear               Hex            48%        N/A       0%          4
 Leda's Liquefaction      Hex/Erth       47%        N/A       0%          4
 Petrify                  Tmut/Erth      95%        N/A       0%          4
 Freeze                   Ice            100%       1d11      1%          1
 Shock                    Conj/Air       100%       1d9       1%          1
 Static Discharge         Conj/Air       73%        3-13/arc  1%          2
 Sublimation of Blood     Necr           76%        N/A       1%          2
 Call Canine Familiar     Summ           80%        N/A       1%          3
 Frozen Ramparts          Ice            100%       1d12      1%          3
 Gell's Gravitas          Tloc           78%        N/A       1%          3
 Lesser Beckoning         Tloc           78%        N/A       1%          3
 Mephitic Cloud           Conj/Pois/Air  79%        N/A       1%          3
 Teleport Other           Tloc           78%        N/A       1%          3
 Vampiric Draining        Necr           76%        2d11      1%          3
 Corpse Rot               Necr/Pois/Air  74%        N/A       1%          4
 Flame Wave               Conj/Fire      90%        2d15      1%          4
 Hailstorm                Conj/Ice       82%        3d17      1%          4
 Ice Form                 Ice/Tmut       84%        N/A       1%          4
 Sticky Flame             Conj/Fire      90%        2d10      1%          4
 Summon Ice Beast         Ice/Summ       76%        N/A       1%          4
 Summon Lightning Spire   Summ/Air       66%        N/A       1%          4
 Agony                    Necr           76%        N/A       1%          5
 Alistair's Intoxication  Tmut/Pois      61%        N/A       1%          5
 Blade Hands              Tmut           47%        N/A       1%          5
 Fireball                 Conj/Fire      45%        3d18      1%          5
 Freezing Cloud           Conj/Ice/Air   36%        6-21      1%          5
 Lightning Bolt           Conj/Air       36%        1d54      1%          5
 Metabolic Englaciation   Hex/Ice        42%        N/A       1%          5
 Silence                  Hex/Air        38%        N/A       1%          5
 Summon Forest            Summ/Tloc      39%        N/A       1%          5
 Starburst                Conj/Fire      45%        6d13      1%          6
 Statue Form              Tmut/Erth      63%        N/A       1%          6
 Dragon Form              Tmut           47%        N/A       1%          7
 Summon Cactus Giant      Summ           40%        N/A       2%          6
 Death Channel            Necr           38%        N/A       3%          6
 Orb of Destruction       Conj           45%        9d12      3%          7
 Simulacrum               Ice/Necr       37%        N/A       4%          6
 Conjure Ball Lightning   Conj/Air       36%        3x3d12    5%          6
 Spellforged Servitor     Conj/Summ      42%        N/A       7%          7
 Monstrous Menagerie      Summ           40%        N/A       14%         7
 Summon Hydra             Summ           40%        N/A       14%         7
 Storm Form               Tmut/Air       37%        N/A       24%         7
 Ignition                 Fire           45%        3d13      32%         8
 Disjunction              Tloc           39%        N/A       83%         8
 Maxwell's Capacitive Co  Air            24%        ∞         100%        8
 Dragon's Call            Summ           40%        N/A       100%        9
 Polar Vortex             Ice            36%        N/A       100%        9


Dungeon Overview and Level Annotations

Branches:
Dungeon (15/15)            Temple (1/1) D:4            Lair (6/6) D:9
 Shoals (4/4) Lair:3       Spider (4/4) Lair:2        Slime (0/5) Lair:5
    Orc (2/2) D:12            Elf (3/3) Orc:2        Vaults (5/5) D:14
  Crypt (3/3) Vaults:3       Tomb (0/3) Crypt:3      Depths (4/4) D:15
    Zot (5/5) Depths:4    Ossuary (visited)           IceCv (visited)
Volcano (visited)          WizLab (visited)         Desolation (visited)

Shops:
D:1 (   D:3 =[!   D:6 *(=   Orc:1 *   Orc:2 (*[=!   Shoals:2 **([   Depths:1 (

Portals:
Hell: Depths:1 Depths:2 Depths:3 Depths:4
Abyss: Depths:3
Pandemonium: Depths:2 Depths:4
Ziggurat: Depths:1


Innate Abilities, Weirdness & Mutations

You have an increased reservoir of magic. (+10% MP)
You shall have no god before yourself.
Your divine heritage dramatically boosts your attributes as you level up.
You are partially covered in iridescent scales. (AC +2)
You are agile. (Dex +4, Str/Int -1)
You are dopey. (Int -2)
You occasionally shout uncontrollably at your foes.
You do not regenerate when monsters are visible.
You have hidden genetic potential.
Your spells are a little easier to cast, but a little less powerful.


Message History

Casting: Irradiate (safe; 1% risk of failure)
Confirm with . or Enter, or press ? or * to list all spells.
You erupt in a fountain of uncontrolled magic!
The Ice Fiend is blasted with magical radiation!!
You kill the Ice Fiend!
You are lightly contaminated with residual magic.
You feel your intelligence returning.
There is a stone staircase leading up here.
You start resting.
HP restored.
An Orb Guardian comes into view.
Casting: Irradiate (safe; 1% risk of failure)
Confirm with . or Enter, or press ? or * to list all spells.
Aiming: Poisonous Vapours (safe; 1% risk of failure)
Press: ? - help, Dir - move target, f - Orb Guardian
Aim: an Orb Guardian Poisonous vapours surround the Orb Guardian!
The Orb Guardian is poisoned.
Casting: Poisonous Vapours (safe; 1% risk of failure)
Confirm with . or Enter, or press ? or * to list all spells.
You ignite the poison in your surroundings!
The Orb Guardian seems to burn from within!!!
The Orb Guardian is severely wounded.
Casting: Ignite Poison (safe; 0% risk of failure)
Confirm with . or Enter, or press ? or * to list all spells.
Aiming: Poisonous Vapours (safe; 1% risk of failure)
Press: ? - help, Dir - move target, f/p - Orb Guardian
Aim: an Orb Guardian (severely wounded) Poisonous vapours surround the Orb Guardian!
The Orb Guardian looks as sick as possible!
Casting: Poisonous Vapours (safe; 1% risk of failure)
Confirm with . or Enter, or press ? or * to list all spells.
You ignite the poison in your surroundings!
The Orb Guardian seems to burn from within!!!
You kill the Orb Guardian!
You start resting.
Magic restored.
(D) Dungeon (T) Temple (L) Lair (A) Shoals (N) Spider Nest (M) Slime Pits (O) Orcish Mines (E) Elven Halls (V) Vaults (C) Crypt (W) Tomb (U) Depths (H) Hell (Z) Zot
Where to? (Enter - D:1 @ (x,y), ? - help)
You fly upwards.
There is a stone staircase leading down here.
Your magical contamination has completely faded away.
There is a stone staircase leading up here.
You fly upwards.
There is a stone staircase leading down here.
There is a staircase leading out of the dungeon here.
You have escaped!

########
#@#.##>#
#..#..##
#......#
##...###
##...#
##....#
##
#.#..##
#.
#.#..##
#.
##....#
#.


There were no monsters in sight!

Vanquished Creatures
  3 dread liches
  3 orbs of fire
  The ghost of Teqoj the Conqueror, a legendary MiBe of Trog (Zot:2)
  An ancient lich (Vaults:3)
  Mennas (Vaults:3)
  A juggernaut (Depths:4)
  Sojobo (Vaults:5)
  Parghit (Depths:4)
  3 Killer Klowns
  Vv (Depths:4)
  Saint Roka (Orc:2)
  2 curse toes
  6 caustic shrikes
  13 golden dragons
  The ghost of Xoga the Necromancer, an adept DDNe of Cheibriados (Crypt:2)
  A profane servitor (Abyss:2)
  Nikola (Elf:2)
  The ghost of Jihiargh the Severer, an adept HOFi of Qazlal (Vaults:3)
  4 electric golems
  A Tzitzimitl (Zot:4)
  2 bone dragons
  17 tentacled monstrosities
  Jorgrun (Orc:2)
  2 Ice Fiends
  6 liches
  Zenata (Vaults:4)
  2 deep elf blademasters (Elf:3)
  2 deep elf master archers (Elf:3)
  7 titans
  15 Orb Guardians
  6 quicksilver dragons
  9 ancient champions
  6 death cobs
  A kraken (Shoals:2)
  Polyphemus (Shoals:4)
  4 tentacled starspawn (Abyss:2)
  7 sphinxes
  An Executioner (Abyss:2)
  Kirke (Spider:3)
  11 tengu reavers
  12 shadow dragons
  3 draconian monks
  Donald (Elf:3)
  2 revenants
  8 storm dragons
  13 frost giants
  10 vault wardens
  12 fire giants
  A draconian knight (Depths:4)
  An iron dragon (Vaults:5)
  2 draconian scorchers
  An orc warlord (Vaults:2)
  9 deep elf sorcerers
  An emperor scorpion (Spider:2)
  Aizul (Elf:3)
  A juggernaut zombie (Crypt:3)
  A draconian annihilator (Zot:4)
  4 deep elf elementalists (Elf:3)
  3 draconian shifters
  2 imperial myrmidons (Desolation)
  A shard shrike simulacrum (Abyss:2)
  13 ghost moths
  2 curse skulls
  Louise (Spider:3)
  17 very ugly things
  2 angels
  11 ironbound preservers
  17 stone giants
  2 reapers
  3 broodmothers
  A caustic shrike skeleton (Abyss:2)
  11 ghouls
  5 war gargoyles
  5 vampire knights
  10 ironbound thunderhulks
  8 deep elf demonologists
  A lorocyproca (Zot:1)
  2 green draconians
  7 red draconians
  2 starcursed masses (Abyss:2)
  4 purple draconians
  A halazid warlock (Desolation)
  6 black draconians
  3 entropy weavers
  7 spark wasps
  11 dire elephants
  Azrael (Orc:2)
  4 deep elf annihilators (Elf:3)
  A bunyip (shapeshifter) (Vaults:5)
  A blizzard demon (Depths:1)
  6 eidola
  4 yellow draconians
  A green death (D:6)
  4 white draconians
  The ghost of raistware the Destroyer, a journeyman HuCj of Vehumet (Lair:3)
  8 merfolk impalers
  3 merfolk javelineers (Shoals:4)
  9 fire dragons
  9 jiangshi
  16 ettins
  3 crystal guardians
  13 deep elf death magi
  A spectral golden dragon (Zot:2)
  2 mummy priests (Crypt:3)
  Josephine (D:15)
  3 deep elf high priests
  6 great orbs of eyes
  8 ragged hierophants (Desolation)
  A great orb of eyes (shapeshifter) (Vaults:5)
  5 servants of whispers (Desolation)
  11 peacekeepers
  11 yaktaur captains
  31 vault guards
  3 rakshasas
  2 hydras
  15 ice dragons
  3 hell beasts
  Erica (Lair:1)
  8 spriggan air magi
  8 boulder beetles
  5 ironbound frosthearts
  2 jorogumos
  3 ogre magi
  2 death knights
  A fenstrider witch skeleton (Crypt:1)
  A catoblepas (Shoals:4)
  A merfolk avatar (Shoals:4)
  18 centaur warriors
  A satyr (shapeshifter) (Vaults:3)
  29 dancing weapons
  3 alligator snapping turtles
  4 deep troll earth magi
  5 radroaches
  2 merfolk aquamancers
  3 satyrs
  9 deep troll shamans
  12 two-headed ogres
  12 vampire magi
  2 death yaks (Shoals:4)
  Urug (Orc:1)
  A death scarab (Spider:3)
  7 spriggan berserkers
  A spectral storm dragon (Zot:2)
  2 shock serpents (shapeshifter) (Vaults:5)
  A titan zombie (Abyss:2)
  4 soul eaters
  10 tengu warriors
  4 spriggans
  A sun demon (Depths:4)
  Nergalle (D:11)
  3 wretched stars (Abyss:2)
  20 deep elf knights
  4 sixfirhies
  Sonja (Lair:1)
  2 pharaoh ants
  2 shadow wraiths
  2 salamander mystics (Depths:3)
  A spectral black draconian (Zot:2)
  27 skeletal warriors
  10 sea snakes
  5 iron trolls
  5 orb spiders
  A storm dragon skeleton (Crypt:2)
  A quicksilver dragon simulacrum (Depths:2)
  3 glowing orange brains
  An obsidian statue (IceCv)
  5 flayed ghosts
  53 slime creatures
  A bunyip zombie (Crypt:3)
  45 deep trolls
  18 deep elf archers
  3 spriggan simulacra (IceCv)
  A steelbarb worm (Spider:3)
  3 bog bodies
  A tengu zombie (Vaults:1)
  A harpy (shapeshifter) (Depths:2)
  5 orc knights
  17 lindwurms
  Pikel (D:9)
  19 ironbound convokers
  2 orange crystal statues
  8 wizards
  10 phantasmal warriors
  33 ugly things
  25 deep elf zephyrmancers
  23 harpies
  25 deep elf pyromancers
  A mana viper (Abyss:2)
  5 necromancers
  16 fauns
  4 orc sorcerers
  13 manticores
  20 wolf spiders
  6 cyclopes
  4 salamanders (Depths:3)
  13 moths of wrath
  13 elephants
  A dire elephant zombie (Crypt:1)
  A will-o-the-wisp (Abyss:2)
  3 moths of wrath (shapeshifter)
  An elephant (shapeshifter) (Elf:2)
  A fire giant skeleton (Crypt:3)
  8 merfolk sirens
  A water nymph (shapeshifter) (Elf:3)
  3 guardian serpents
  2 black mambas
  A molten gargoyle (Desolation)
  14 water nymphs
  2 storm dragon simulacra (Zot:2)
  21 vault sentinels
  2 rust devils (Depths:2)
  5 gargoyles
  A hellion (D:12)
  3 smoke demons
  A komodo dragon (Lair:6)
  22 cane toads
  A torpor snail (Spider:4)
  A purple draconian zombie (Crypt:1)
  An orange demon (Depths:2)
  3 ice devils
  A dire elephant skeleton (Crypt:1)
  17 yaktaurs
  An alligator snapping turtle skeleton (Crypt:2)
  2 anaconda simulacra (IceCv)
  3 kobold demonologists (D:12)
  A rime drake (Lair:6)
  A demonic crawler (Spider:4)
  6 freezing wraiths
  A green draconian zombie (Crypt:3)
  A yellow draconian zombie (Crypt:3)
  2 efreet
  A tengu conjurer (D:15)
  8 entropy weaver simulacra (IceCv)
  A steelbarb worm zombie (Crypt:3)
  A redback zombie (Crypt:1)
  A hellwing (Abyss:2)
  3 unseen horrors
  3 guardian mummies
  A red devil (Depths:2)
  A queen bee (D:14)
  A troll (shapeshifter) (D:15)
  A mana viper zombie (Crypt:1)
  4 ancient zymes (Abyss:2)
  5 wind drakes
  38 merfolk
  A spectral moth of wrath (Zot:2)
  2 shadow dragon simulacra (Zot:2)
  A tarantella (shapeshifter) (D:13)
  4 meliai
  26 tarantellas
  13 trolls
  Prince Ribbit (D:7)
  7 hornets
  An ice dragon zombie (Crypt:1)
  2 harpy zombies
  44 saltlings
  A fire dragon zombie (Crypt:1)
  8 raiju
  17 blink frogs
  2 dream sheep (Shoals:2)
  9 snapping turtles
  A deep troll zombie (Vaults:1)
  A spriggan zombie (WizLab)
  10 large abominations (Abyss:2)
  A frost giant simulacrum (Vaults:1)
  21 jumping spiders
  15 culicivoras
  Sigmund (D:5)
  2 air elementals
  5 flying skulls (Crypt:2)
  A spriggan (shapeshifter) (Elf:2)
  4 vampires
  3 shadows
  9 wyverns
  27 yaks
  3 ynoxinuls
  4 water elementals
  3 ushabtiu (Crypt:3)
  11 wraiths
  The ghost of GenialerGandalf the Trooper, an amateur HOFi (D:4)
  4 fire bats (Depths:2)
  11 fire elementals
  A basilisk (shapeshifter) (Vaults:5)
  23 humans
  A golden eye (shapeshifter) (Elf:2)
  4 basilisks
  A steam dragon (D:7)
  3 vampire mosquitoes
  Menkaure (D:7)
  2 neqoxecs
  4 hogs (Spider:3)
  28 redbacks
  A yellow draconian simulacrum (Zot:2)
  3 chaos spawn (Abyss:2)
  12 minotaur simulacra (IceCv)
  A harpy simulacrum (IceCv)
  12 water moccasins
  5 wargs
  A glowing shapeshifter zombie (Vaults:1)
  6 hell hounds
  3 floating eyes
  A hydra simulacrum (IceCv)
  3 moth of wrath simulacra (Zot:2)
  A floating eye (shapeshifter) (Vaults:5)
  A sky beast (D:7)
  21 orc warriors
  A snapping turtle zombie (Crypt:1)
  An ice beast (D:7)
  A black bear (D:8)
  25 ogres
  4 ettin simulacra (IceCv)
  10 wolves
  A phantom (D:6)
  A boggart (Elf:1)
  6 centaurs
  A lindwurm skeleton (Crypt:2)
  3 lemures (D:9)
  2 elf zombies (Ossuary)
  3 kobold brigands
  16 bullfrogs
  A rime drake skeleton (Crypt:2)
  A gnoll sergeant (D:12)
  13 necrophages
  3 scorpions
  7 deep troll simulacra (IceCv)
  9 wights
  A lindwurm simulacrum (IceCv)
  25 killer bees
  3 small abominations (Abyss:2)
  A raiju zombie (Crypt:2)
  3 electric eels
  12 centaur zombies
  A centaur skeleton (Crypt:1)
  2 gnoll boudas (D:5)
  12 orc priests
  3 hounds
  A human zombie (Ossuary)
  15 jellies
  2 iron imps (Abyss:2)
  3 iguanas
  Ijyb (D:5)
  20 orc wizards
  A boggart skeleton (Crypt:3)
  2 mummies (Ossuary)
  22 gnolls
  4 adders
  A shadow imp (D:5)
  4 white imps
  4 worms
  3 dart slugs
  66 orcs
  6 bats
  5 endoplasms
  A giant cockroach (D:2)
  3 gnoll zombies (Ossuary)
  10 goblins
  5 hobgoblins
  3 jackals (D:1)
  7 kobolds
  7 quokkas
  6 ball pythons
  3 frilled lizards
  A gnoll skeleton (Crypt:3)
  3 goblin zombies (Ossuary)
  2 hobgoblin zombies
  A jackal skeleton (D:7)
  A jackal zombie (D:7)
  3 orc zombies (Ossuary)
  6 rats
  A river rat skeleton (Crypt:3)
  5 starspawn tentacles (Abyss:2)
2244 creatures vanquished.

Vanquished Creatures (collateral kills)
  2 orbs of fire (Zot:5)
  A Killer Klown (Zot:5)
  A curse toe (Zot:4)
  A golden dragon (Zot:5)
  2 tentacled monstrosities
  A titan (Vaults:5)
  A sphinx (Depths:4)
  A draconian monk (Zot:5)
  A shadow dragon (Depths:4)
  6 draconian scorchers
  2 draconian stormcallers
  4 draconian annihilators
  A draconian shifter (Zot:2)
  The ghost of Kytoel the Swashbuckler, an adept VSBe of Trog (Spider:1)
  3 very ugly things (Depths:4)
  A stone giant (Depths:4)
  3 green draconians
  4 yellow draconians
  7 black draconians
  4 purple draconians
  5 red draconians
  5 white draconians
  An ettin (D:15)
  A merfolk javelineer (Shoals:4)
  A deep elf death mage (Elf:3)
  A mummy priest (WizLab)
  A boulder beetle (D:13)
  2 hydras
  2 ice dragons (Depths:4)
  An ogre mage (D:15)
  A merfolk avatar (Shoals:4)
  2 catoblepae
  A two-headed ogre (D:15)
  An iron troll (Depths:4)
  A sixfirhy (Abyss:2)
  A skeletal warrior (D:9)
  3 pharaoh ants
  2 steelbarb worms (Spider:1)
  A deep troll (Depths:4)
  A glowing orange brain (Depths:4)
  A spriggan simulacrum (IceCv)
  A tengu zombie (WizLab)
  5 harpies
  A deep elf zephyrmancer (Elf:3)
  A manticore (D:12)
  4 ugly things
  11 moths of wrath
  3 elephants (Lair:2)
  A torpor snail (Lair:6)
  3 black mambas (Lair:6)
  A gargoyle (D:14)
  A smoke demon (Abyss:2)
  5 cane toads
  A spriggan zombie (WizLab)
  A komodo dragon (Lair:5)
  4 demonic crawlers
  A rime drake (Lair:1)
  A freezing wraith (IceCv)
  An entropy weaver simulacrum (IceCv)
  5 trolls
  3 saltlings (Desolation)
  A hornet (Lair:6)
  8 blink frogs
  10 slime creatures
  A meliai zombie (D:11)
  3 water elementals
  A vampire (D:12)
  5 yaks
  4 wyverns (Lair:6)
  A redback (Spider:1)
  2 basilisks
  7 vampire mosquitoes (D:12)
  A large abomination (Abyss:2)
  A warg (Orc:1)
  A hell hound (Lair:1)
  4 water moccasins
  An orc warrior (Orc:1)
  2 wolves (Lair:4)
  A centaur (D:12)
  A nameless horror (Lair:4)
  3 bullfrogs
  A jelly (Lair:5)
  An iron imp (Abyss:2)
  A gnoll (D:12)
  An orc (Orc:1)
198 creatures vanquished.

Vanquished Creatures (others)
  An Orb Guardian (Zot:5)
  A draconian monk (Zot:5)
  A draconian knight (Zot:4)
  A vault warden (Vaults:5)
  A draconian scorcher (Zot:1)
  2 very ugly things (Depths:4)
  2 draconian annihilators
  4 green draconians
  3 black draconians
  3 yellow draconians
  2 purple draconians
  4 red draconians
  5 white draconians
  An ettin (Depths:4)
  2 deep troll shamans (Depths:4)
  A skeletal warrior (Crypt:3)
  An iron troll (Depths:4)
  A deep troll (Depths:4)
  2 moths of wrath
  A white imp (D:7)
  A foxfire (Abyss:2)
  52 fungi
  118 plants
  6 starspawn tentacles (Abyss:2)
  4 tentacles (Shoals:2)
  5 withered plants (D:11)
225 creatures vanquished.

Grand Total: 2667 creatures vanquished

Notes
Turn   | Place    | Note
-------+----------+-------------------------------------------
     0 | D:5      | Ge0ff the Demigod Delver began the quest for the Orb.
     0 | D:5      | Reached XP level 1. HP: 18/18 MP: 3/3
    13 | D:5      | Noticed a hound
    31 | D:5      | Killed a hound
    32 | D:5      | Reached XP level 2. HP: 20/25 MP: 4/4
    37 | D:6      | Noticed a phantom
   401 | D:5      | Noticed Ijyb
   444 | D:5      | Noticed Sigmund
   628 | D:4      | Reached XP level 3. HP: 30/30 MP: 5/5
   669 | D:3      | Found Binla's Jewellery Shop.
   769 | D:3      | Identified the +1 pair of gloves "Fiattoxa" {Fly rC++
                  | Int+7}
   890 | D:3      | Found Silol's Antique Armour Shoppe.
   908 | D:3      | Reached skill level 1 in Armour
  1273 | D:1      | Reached XP level 4. HP: 37/38 MP: 6/6
  1501 | D:1      | Found Hufoj's Antique Weapon Emporium.
  2369 | D:2      | Reached skill level 1 in Shields
  2665 | D:2      | Learned a level 3 spell: Frozen Ramparts
  2878 | D:3      | Found God Bud's Distillery.
  3340 | D:4      | Noticed a necrophage
  3364 | D:4      | Killed a necrophage
  3365 | D:4      | Reached skill level 1 in Spellcasting
  3365 | D:4      | Reached skill level 1 in Ice Magic
  3365 | D:4      | Reached XP level 5. HP: 34/45 MP: 6/9
  3457 | D:4      | Noticed an ogre
  3492 | D:4      | Found a staircase to the Ecumenical Temple.
  3500 | Temple   | Entered the Ecumenical Temple
  3545 | D:4      | Found a transporter.
  3554 | D:4      | Found a transporter.
  3554 | D:4      | Noticed GenialerGandalf's ghost (amateur HOFi)
  3808 | D:4      | Reached XP level 6. HP: 29/51 MP: 4/11
  4143 | D:4      | Reached skill level 1 in Evocations
  4471 | D:5      | Reached XP level 7. HP: 57/57 MP: 7/13
  5254 | D:5      | Killed Sigmund
  5527 | D:6      | Found Oly Mukk's Assorted Antiques.
  5716 | D:6      | Bought a scroll labelled APANIJ BYEBRA for 23 gold pieces
  5716 | D:6      | Bought a blackened copper wand for 92 gold pieces
  5802 | D:6      | Found Gasmip's Jewellery Shop.
  5831 | D:6      | Reached XP level 8. HP: 62/63 MP: 9/16
  5845 | D:6      | Reached skill level 5 in Short Blades
  5997 | D:6      | Found Buhiargh's Weapon Emporium.
  6005 | D:6      | Bought 2 boomerangs for 13 gold pieces
  6768 | D:6      | Noticed a boulder beetle
  6774 | D:6      | Killed a boulder beetle
  7014 | D:7      | Found a sand-covered staircase.
  7023 | Ossuary  | Entered an ossuary
  7232 | Ossuary  | Reached XP level 9. HP: 68/69 MP: 19/19
  7477 | D:7      | Found a runed translucent door.
  7482 | D:7      | Noticed an unseen horror
  7498 | D:7      | Killed an unseen horror
  8203 | D:7      | Reached skill level 5 in Spellcasting
  8330 | D:7      | Identified the +1 spear "Haku" {vamp, rCorr Int+2 Dex+2}
  8431 | D:7      | Noticed Prince Ribbit
  8446 | D:7      | Reached skill level 5 in Evocations
  8456 | D:7      | Killed Prince Ribbit
  8806 | D:7      | Noticed Menkaure
  8815 | D:7      | Killed Menkaure
  9019 | D:8      | Reached XP level 10. HP: 76/77 MP: 16/21
  9719 | D:4      | Killed GenialerGandalf's ghost
  9873 | D:5      | Killed Ijyb
 10363 | D:9      | Noticed a skeletal warrior
 10363 | D:9      | Noticed a skeletal warrior
 10392 | D:8      | Learned a level 4 spell: Summon Ice Beast
 10521 | D:9      | Found a staircase to the Lair.
 10542 | D:9      | Noticed a brown ugly thing
 10551 | D:9      | Killed a brown ugly thing
 10552 | D:9      | Reached skill level 1 in Summonings
 10666 | D:9      | Noticed Pikel
 10680 | D:9      | Killed Pikel
 11112 | D:10     | Entered Level 10 of the Dungeon
 11782 | D:10     | Noticed a cyclops
 11789 | D:10     | Killed a cyclops
 11790 | D:10     | Reached XP level 11. HP: 84/84 MP: 23/23
 13104 | D:11     | Noticed Nergalle
 13115 | D:11     | Killed Nergalle
 13173 | D:11     | Reached skill level 5 in Fighting
 13173 | D:11     | Reached skill level 5 in Summonings
 13261 | D:11     | Learned a level 5 spell: Summon Mana Viper
 13314 | D:11     | Reached skill level 1 in Hexes
 13974 | Lair:1   | Entered Level 1 of the Lair of Beasts
 14031 | Lair:1   | Found a dark tunnel.
 14056 | Volcano  | Entered a volcano
 14186 | Volcano  | Identified the +0 plate armour of Amelioration {-Tele Str+6
                  | Dex+4}
 14419 | Lair:1   | Noticed Sonja
 14425 | Lair:1   | Killed Sonja
 14426 | Lair:1   | Reached XP level 12. HP: 94/94 MP: 25/25
 14603 | Lair:1   | Noticed Erica
 14611 | Lair:1   | Noticed a six-headed hydra
 14615 | Lair:1   | Killed Erica
 14627 | Lair:1   | Killed a six-headed hydra
 15189 | Lair:2   | Noticed a catoblepas
 15205 | Lair:2   | Killed a catoblepas
 15605 | Lair:2   | Found a hole to the Spider Nest.
 16120 | Lair:2   | Reached skill level 5 in Hexes
 16157 | Lair:2   | Reached skill level 10 in Short Blades
 16825 | Lair:2   | Found a hole to the Spider Nest.
 17788 | Lair:3   | Found a runed translucent door.
 17790 | Lair:3   | Noticed raistware's ghost (journeyman HuCj)
 17791 | Lair:3   | Identified the +1 war axe of Intimidation {chaos, rElec
                  | rF+++ Will+ Dex-4}
 17958 | Lair:3   | Found a staircase to the Shoals.
 18699 | Lair:4   | Noticed a four-headed hydra
 18704 | Lair:4   | Reached XP level 13. HP: 100/100 MP: 19/27
 19128 | Lair:4   | You are sucked into a shaft and drop 1 floor!
 19296 | Lair:5   | Found a staircase to the Slime Pits.
 19949 | Lair:4   | Identified the amulet "Fyffuts" {Spirit rF+}
 21396 | Lair:6   | Entered Level 6 of the Lair of Beasts
 21900 | Lair:6   | Identified the +9 dagger of Folac {protect, rPois Str+2}
 22464 | Lair:6   | Reached skill level 10 in Hexes
 24036 | D:9      | Reached XP level 14. HP: 85/107 MP: 15/30
 24550 | D:9      | Found a staircase to the Lair.
 25465 | D:12     | Found a staircase to the Orcish Mines.
 25512 | D:12     | Learned a level 2 spell: Poisonous Vapours
 25516 | D:12     | Learned a level 3 spell: Ignite Poison
 25521 | D:12     | Learned a level 4 spell: Olgreb's Toxic Radiance
 25836 | D:12     | Reached skill level 1 in Air Magic
 25838 | D:12     | Reached skill level 1 in Transmutations
 25838 | D:12     | Reached skill level 1 in Fire Magic
 25838 | D:12     | Reached skill level 1 in Poison Magic
 26456 | D:13     | Noticed a shadow dragon
 26940 | D:13     | Killed a shadow dragon
 27557 | D:14     | Identified the +1 ring mail "Wiyjed" {Contam rF+ MP+9}
 28011 | D:14     | Got Sif Muna's Folio of the Evil Black Widow
 28514 | D:14     | Found a gate to the Vaults.
 28705 | D:15     | Entered Level 15 of the Dungeon
 28864 | D:15     | Reached skill level 5 in Poison Magic
 28866 | D:15     | Reached skill level 5 in Transmutations
 28866 | D:15     | Reached skill level 5 in Fire Magic
 29277 | D:15     | Found a staircase to the Depths.
 29539 | D:15     | Noticed Josephine
 29547 | D:15     | Killed Josephine
 29549 | D:15     | Reached XP level 15. HP: 107/113 MP: 25/31
 30157 | Orc:1    | Entered Level 1 of the Orcish Mines
 30677 | Orc:1    | Found Xyfumpeq's General Store.
 30686 | Orc:1    | Noticed Urug
 30690 | Orc:1    | Killed Urug
 30838 | Orc:1    | Reached skill level 10 in Summonings
 31233 | Orc:1    | Got the Compendium of Concussion
 31293 | Orc:2    | Entered Level 2 of the Orcish Mines
 31293 | Orc:2    | Noticed Azrael
 31293 | Orc:2    | Found a staircase to the Elven Halls.
 31297 | Orc:2    | Killed Azrael
 31408 | Orc:2    | Found Wejirrepp's Distillery.
 32237 | Orc:2    | Found Hel Jin's Jewellery Boutique.
 32253 | Orc:2    | Found Demeh's Antique Armour Emporium.
 32305 | Orc:2    | Found Opih Bese's General Store.
 32306 | Orc:2    | Found Kihad's Weapon Boutique.
 32368 | Orc:2    | Noticed Jorgrun
 32373 | Orc:2    | Noticed Saint Roka
 32375 | Orc:2    | Killed Jorgrun
 32397 | Orc:2    | Killed Saint Roka
 32717 | Orc:2    | Bought a glowing buckler for 240 gold pieces
 32717 | Orc:2    | Bought a glowing helmet for 240 gold pieces
 32967 | Shoals:1 | Entered Level 1 of the Shoals
 33553 | Shoals:1 | Reached skill level 1 in Throwing
 34263 | Shoals:2 | Learned a level 1 spell: Apportation
 34291 | Shoals:2 | Learned a level 5 spell: Lee's Rapid Deconstruction
 34377 | Shoals:2 | Noticed a kraken
 34396 | Shoals:2 | Killed a kraken
 34528 | Shoals:2 | Found Ryrusia's Merfolk Weapons.
 34528 | Shoals:2 | Found Ryrusia's Visitors' Centre.
 34533 | Shoals:2 | Found Ryrusia's Merfolk Armours.
 34533 | Shoals:2 | Found Ryrusia's Merfolk Magic.
 34536 | Shoals:2 | Bought 2 throwing nets for 102 gold pieces
 34536 | Shoals:2 | Bought 2 silver javelins for 81 gold pieces
 34546 | Shoals:2 | Bought a wand of roots (7) for 319 gold pieces
 34551 | Shoals:2 | Bought a scroll of teleportation for 300 gold pieces
 34593 | Shoals:2 | Reached skill level 1 in Earth Magic
 34815 | Shoals:2 | Reached XP level 16. HP: 119/119 MP: 24/34
 35050 | Shoals:3 | Reached skill level 1 in Translocations
 35932 | Shoals:4 | Entered Level 4 of the Shoals
 36065 | Shoals:4 | Noticed Polyphemus
 36071 | Shoals:4 | Killed Polyphemus
 36220 | Shoals:4 | Got a barnacled rune of Zot
 36753 | Shoals:4 | Identified the +8 rapier "Aro Kenaob" {venom, Contam Fly
                  | rPois rF-}
 37617 | Spider:1 | Entered Level 1 of the Spider Nest
 37639 | Spider:1 | Reached skill level 5 in Throwing
 37667 | Spider:1 | Found a frozen archway.
 37762 | IceCv    | Entered an ice cave
 37880 | IceCv    | Identified the +1 hat of Pucsuax {Regen+}
 38011 | IceCv    | Found the +9 sword of Zonguldrok {reap}
 38498 | IceCv    | Noticed an Ice Fiend
 38523 | IceCv    | Killed an Ice Fiend
 38524 | IceCv    | Reached skill level 5 in Earth Magic
 38524 | IceCv    | Reached XP level 17. HP: 111/126 MP: 32/35
 38937 | Spider:1 | Found a large runed translucent door.
 38937 | Spider:1 | Found a large runed translucent door.
 39808 | Spider:1 | Noticed Kytoel's ghost (adept VSBe)
 39828 | Spider:1 | Killed Kytoel's ghost
 39947 | Spider:2 | Identified the +3 halberd "Wyqageb" {antimagic, rN+ rCorr
                  | Str+4 Stlth+}
 41185 | Spider:3 | Noticed Kirke
 41196 | Spider:3 | Killed Kirke
 41370 | Spider:3 | Noticed Louise
 41374 | Spider:3 | Killed Louise
 42219 | Spider:4 | Entered Level 4 of the Spider Nest
 42341 | Spider:4 | Identified the +1 ring mail of Theory {Int+5}
 43021 | Spider:4 | Reached skill level 10 in Transmutations
 43041 | Spider:4 | Reached skill level 10 in Poison Magic
 43095 | Spider:4 | Reached skill level 10 in Fire Magic
 43099 | Spider:4 | Identified the +2 ring mail of Sosim {rCorr Str+4}
 43826 | Spider:4 | Got a gossamer rune of Zot
 44188 | Elf:1    | Entered Level 1 of the Elven Halls
 44573 | Abyss:2  | Cast into level 2 of the Abyss (a wizard)
 44683 | Elf:1    | Escaped the Abyss
 44824 | Elf:1    | Reached XP level 18. HP: 133/133 MP: 31/36
 44897 | Elf:1    | Identified a scroll of acquirement
 44910 | Elf:1    | Acquired a book of Alchemy
 44918 | Elf:1    | Learned a level 5 spell: Irradiate
 45394 | Elf:2    | Reached skill level 1 in Conjurations
 45962 | Elf:2    | Noticed Nikola
 46086 | Elf:3    | Entered Level 3 of the Elven Halls
 46202 | Elf:3    | Noticed Aizul
 46216 | Elf:3    | Killed Aizul
 46789 | Elf:3    | Noticed Donald
 46789 | Elf:3    | Paralysed by an air elemental for 1 turns
 46791 | Elf:3    | Paralysed by an air elemental for 1 turns
 46808 | Elf:3    | Killed Donald
 47323 | Elf:3    | Reached skill level 10 in Earth Magic
 47326 | Abyss:2  | Cast into level 2 of the Abyss (a deep elf demonologist)
 47568 | Abyss:2  | Noticed a Hell Sentinel
 47763 | Elf:3    | Escaped the Abyss
 47763 | Elf:3    | Identified the +1 robe "Plog" {rF+ Dex+3}
 47776 | Abyss:2  | Cast into level 2 of the Abyss (a deep elf demonologist)
 47856 | Abyss:2  | Noticed a profane servitor
 47875 | Abyss:2  | Noticed a profane servitor
 47919 | Abyss:2  | Killed a profane servitor
 48520 | Abyss:2  | Reached XP level 19. HP: 118/138 MP: 10/37
 48522 | Elf:3    | Escaped the Abyss
 48528 | Elf:3    | Noticed a Tzitzimitl
 48530 | Elf:3    | Reached skill level 5 in Conjurations
 48657 | Elf:3    | Identified the amulet of Idwofikk {Regen+ Slay+3}
 48901 | Elf:3    | Found the +10 Black Knight's barding {ponderous, rPois rN+}
 48910 | Elf:3    | Identified the +7 ring mail "Ozautsed" {rF+ Regen+ SInv}
 48912 | Elf:3    | Identified the +7 long sword "Odghurre" {distort, Fly Str-3
                  | Int+3}
 48939 | Elf:3    | Got Sophisticated Willworking
 49284 | Elf:2    | Killed Nikola
 49291 | Elf:2    | Found a runed translucent gate.
 49291 | Elf:2    | Found a runed translucent gate.
 49291 | Elf:2    | Found a runed translucent gate.
 50137 | Lair:3   | Killed raistware's ghost
 50410 | D:3      | Bought the ring "Lenguhas" {*Corrode Fly rElec rF+ Int+4}
                  | for 536 gold pieces
 50648 | Vaults:1 | Entered Level 1 of the Vaults
 50809 | Vaults:1 | Found a magical portal.
 50831 | WizLab   | Entered Doroklohe's Tomb
 51182 | WizLab   | Noticed a royal mummy
 51664 | D:10     | Learned a level 4 spell: Iskenderun's Mystic Blast
 51890 | D:10     | Learned a level 4 spell: Dispel Undead
 52198 | Vaults:1 | Reached skill level 1 in Necromancy
 53274 | Vaults:2 | Found a crumbling gateway.
 53303 | Desolati | Entered the Desolation of Salt
 53382 | Desolati | Gained mutation: You have hidden genetic defects.
                  | [mutagenic glow]
 53397 | Desolati | Reached XP level 20. HP: 116/146 MP: 20/39
 53409 | Desolati | Gained mutation: You are weak. (Str -2) [mutagenic glow]
 53456 | Desolati | Gained mutation: You have terrible hidden genetic defects.
                  | [mutagenic glow]
 53487 | Desolati | Lost mutation: You are weak. (Str -2) [potion of mutation]
 53487 | Desolati | Lost mutation: You have terrible hidden genetic defects.
                  | [potion of mutation]
 53487 | Desolati | Lost mutation: You have hidden genetic defects. [potion of
                  | mutation]
 53487 | Desolati | Gained mutation: Potions are less effective at restoring
                  | your health. [potion of mutation]
 53487 | Desolati | Gained mutation: Your mind is acute. (Int +4, Str/Dex -1)
                  | [potion of mutation]
 53487 | Desolati | Gained mutation: Your muscles are strong. (Str +4, Int/Dex
                  | -1) [potion of mutation]
 53488 | Desolati | Lost mutation: Your mind is acute. (Int +4, Str/Dex -1)
                  | [potion of mutation]
 53488 | Desolati | Lost mutation: Your muscles are strong. (Str +4, Int/Dex
                  | -1) [potion of mutation]
 53488 | Desolati | Lost mutation: Potions are less effective at restoring your
                  | health. [potion of mutation]
 53488 | Desolati | Gained mutation: You are occasionally teleported next to
                  | monsters. [potion of mutation]
 53489 | Desolati | Lost mutation: You are occasionally teleported next to
                  | monsters. [potion of mutation]
 53489 | Desolati | Gained mutation: You are weak. (Str -2) [potion of
                  | mutation]
 53489 | Desolati | Gained mutation: You passively map a small area around you.
                  | [potion of mutation]
 53490 | Desolati | Lost mutation: You passively map a small area around you.
                  | [potion of mutation]
 53490 | Desolati | Lost mutation: You are weak. (Str -2) [potion of mutation]
 53490 | Desolati | Gained mutation: You occasionally lose the ability to drink
                  | potions when taking damage. [potion of mutation]
 53491 | Desolati | Lost mutation: You occasionally lose the ability to drink
                  | potions when taking damage. [potion of mutation]
 53491 | Desolati | Gained mutation: Your spells are a little easier to cast,
                  | but a little less powerful. [potion of mutation]
 53491 | Desolati | Gained mutation: You expend magic power (3 MP) to
                  | strengthen your wands. [potion of mutation]
 53491 | Desolati | Gained mutation: You have a pair of small antennae on your
                  | head. [potion of mutation]
 53492 | Desolati | Lost mutation: You have a pair of small antennae on your
                  | head. [potion of mutation]
 53492 | Desolati | Lost mutation: You expend magic power (3 MP) to strengthen
                  | your wands. [potion of mutation]
 53492 | Desolati | Gained mutation: You are partially covered in iridescent
                  | scales. (AC +2) [potion of mutation]
 53492 | Desolati | Gained mutation: You have large cloven feet. [potion of
                  | mutation]
 53492 | Desolati | Gained mutation: You are occasionally teleported next to
                  | monsters. [potion of mutation]
 53492 | Desolati | Gained mutation: You are mostly covered in iridescent
                  | scales. (AC +4) [potion of mutation]
 53514 | Desolati | Lost mutation: You are occasionally teleported next to
                  | monsters. [potion of mutation]
 53514 | Desolati | Lost mutation: You are mostly covered in iridescent scales.
                  | (AC +4) [potion of mutation]
 53514 | Desolati | Lost mutation: You are partially covered in iridescent
                  | scales. (AC +2) [potion of mutation]
 53514 | Desolati | Lost mutation: You have large cloven feet. [potion of
                  | mutation]
 53514 | Desolati | Gained mutation: You have large cloven feet. [potion of
                  | mutation]
 53514 | Desolati | Gained mutation: Your mind is acute. (Int +4, Str/Dex -1)
                  | [potion of mutation]
 53515 | Desolati | Lost mutation: Your mind is acute. (Int +4, Str/Dex -1)
                  | [potion of mutation]
 53515 | Desolati | Lost mutation: Your spells are a little easier to cast, but
                  | a little less powerful. [potion of mutation]
 53515 | Desolati | Lost mutation: You have large cloven feet. [potion of
                  | mutation]
 53515 | Desolati | Gained mutation: You have large cloven feet. [potion of
                  | mutation]
 53515 | Desolati | Gained mutation: You are agile. (Dex +4, Str/Int -1)
                  | [potion of mutation]
 53515 | Desolati | Gained mutation: You are partially covered in iridescent
                  | scales. (AC +2) [potion of mutation]
 53624 | Desolati | Identified the +5 crystal plate armour of Tomorrow {rPois
                  | rF+}
 53624 | Desolati | Identified the ring "Xyzigel" {rF- rC++ Will+++ rCorr
                  | Slay+4}
 53938 | Desolati | Identified the +6 halberd of Buegimol {antimagic, rPois rC+
                  | rCorr Int+5}
 53938 | Desolati | Identified the amulet of Poptef {Spirit Fly Dex-3 SInv}
 54011 | Desolati | Identified the ring of the Madman {EV+4 Str-2 Dex+4 Slay+3}
 54015 | Desolati | Got the Cyclopedia of Black Secrets
 55054 | Vaults:2 | Reached skill level 10 in Spellcasting
 55432 | Vaults:2 | Reached skill level 5 in Necromancy
 55455 | Vaults:2 | Identified the +6 short sword "Mugessi" {venom, Will- Str+4
                  | SInv}
 56069 | Vaults:3 | Reached skill level 5 in Translocations
 56312 | Vaults:3 | Found a staircase to the Crypt.
 56592 | Vaults:3 | Found a transporter.
 56592 | Vaults:3 | Noticed an ancient lich
 56592 | Vaults:3 | Noticed Jihiargh's ghost (adept HOFi)
 56593 | Vaults:3 | Found a transporter.
 56715 | Vaults:3 | Acquired a book of Hexes
 56952 | Vaults:3 | Killed an ancient lich
 57124 | Vaults:3 | Noticed Mennas
 57138 | Vaults:3 | Killed Mennas
 57712 | Vaults:3 | Killed Jihiargh's ghost
 57721 | Vaults:3 | Identified the +1 cloak of Sif Muna's Esteem {rElec rF+
                  | MP+9}
 57737 | Vaults:3 | Got Sif Muna's Spellbook of the Nimbus and Accomplices
 57904 | Vaults:4 | Reached XP level 21. HP: 149/151 MP: 11/41
 57926 | Vaults:4 | Learned a level 8 spell: Discord
 58120 | Vaults:4 | Noticed Zenata
 58127 | Vaults:4 | Killed Zenata
 58225 | Vaults:4 | Reached skill level 5 in Armour
 59316 | Vaults:5 | Entered Level 5 of the Vaults
 59409 | Crypt:1  | Entered Level 1 of the Crypt
 60412 | Crypt:2  | Found a runed translucent gate.
 60412 | Crypt:2  | Found a runed translucent gate.
 60412 | Crypt:2  | Found a runed translucent gate.
 60616 | Crypt:2  | Noticed a dread lich
 60617 | Crypt:2  | Noticed Xoga's ghost (adept DDNe)
 60793 | Crypt:2  | Identified the +1 plate armour of Rationality {Contam Will+
                  | Dex+2}
 61603 | Crypt:3  | Entered Level 3 of the Crypt
 62082 | Crypt:3  | Reached XP level 22. HP: 127/158 MP: 19/43
 62674 | Crypt:3  | Noticed a curse toe
 62684 | Crypt:3  | Killed a curse toe
 62692 | Crypt:3  | Identified the ring of the Solstice {rN+ Will++}
 62692 | Crypt:3  | Identified the amulet of Atheism {Harm Regen+ Dex+3}
 62692 | Crypt:3  | Identified the ring of Painiygg {rElec rC+ rN+ Stlth+}
 62716 | Crypt:3  | Identified the +5 ring mail "Zosu" {rN++ Will- Int+3 Dex+4}
 62782 | Crypt:3  | Identified the +3 mace of Wisdom {vorpal, rN+ Will+ Str+4}
 62785 | Crypt:3  | Identified the +8 glaive of Rotation {vorpal, Will- rCorr
                  | Str+4}
 62863 | Crypt:3  | Identified the +5 scale mail "Jujago" {Fly rElec rPois
                  | SInv}
 62994 | Crypt:3  | Found a staircase to the Tomb.
 63507 | Crypt:2  | Killed a dread lich
 63589 | Crypt:2  | Killed Xoga's ghost
 63729 | Vaults:4 | You are sucked into a shaft and drop 1 floor!
 63769 | Vaults:5 | Gained mutation: You are weak. (Str -2) [mutagenic glow]
 63772 | Vaults:5 | Identified the +3 leather armour of Objectivity {rElec}
 63788 | Vaults:5 | Identified the +4 ring mail of the Arcane {rF+ rCorr Str-2}
 64891 | Vaults:5 | Reached skill level 10 in Conjurations
 65061 | Vaults:5 | Reached skill level 10 in Armour
 65173 | Vaults:5 | Noticed Sojobo
 65179 | Vaults:5 | Paralysed by an air elemental for 1 turns
 65180 | Vaults:5 | Killed Sojobo
 65652 | Vaults:5 | Got Cextaugo's Tome of Poison and Congelation
 65667 | Vaults:5 | Got a silver rune of Zot
 66557 | Depths:1 | Entered Level 1 of the Depths
 66561 | Depths:1 | Learned a level 2 spell: Passwall
 66618 | Depths:1 | Found a one-way gateway to a ziggurat.
 66708 | Depths:1 | Found a gateway to Hell.
 66912 | Depths:1 | Found a runed translucent door.
 66959 | Depths:1 | Reached XP level 23. HP: 153/165 MP: 31/47
 67276 | Depths:1 | Found Emirgha's Weapon Shop.
 68194 | Depths:2 | Reached skill level 5 in Shields
 68743 | Depths:2 | Reached skill level 5 in Dodging
 68986 | Depths:2 | Found a one-way gate leading to the halls of Pandemonium.
 70052 | Depths:2 | Found a one-way gate leading to the halls of Pandemonium.
 71554 | Depths:3 | Found a one-way gate to the infinite horrors of the Abyss.
 72122 | Depths:4 | Entered Level 4 of the Depths
 72127 | Depths:4 | Reached XP level 24. HP: 168/177 MP: 47/47
 72306 | Depths:4 | Noticed Parghit
 72832 | Depths:4 | Noticed a juggernaut
 72839 | Depths:4 | Killed a juggernaut
 72926 | Depths:4 | Noticed Vv
 73501 | Depths:4 | Killed Parghit
 73979 | Depths:4 | Found a gate to the Realm of Zot.
 74425 | Depths:4 | Killed Vv
 74559 | Depths:4 | Found a gate to the Realm of Zot.
 74943 | Orc:2    | Bought a wand of paralysis (5) for 144 gold pieces
 74943 | Orc:2    | Bought a potion of brilliance for 48 gold pieces
 74943 | Orc:2    | Bought a scroll of magic mapping for 90 gold pieces
 74943 | Orc:2    | Bought a wand of roots (6) for 172 gold pieces
 74943 | Orc:2    | Bought a potion of ambrosia for 96 gold pieces
 74969 | Orc:1    | Bought a scroll of poison for 56 gold pieces
 74969 | Orc:1    | Bought a potion of haste for 140 gold pieces
 74969 | Orc:1    | Bought a potion of mutation for 112 gold pieces
 74969 | Orc:1    | Bought a potion of curing for 42 gold pieces
 74992 | Orc:2    | Bought a potion of cancellation for 112 gold pieces
 74992 | Orc:2    | Bought a potion of curing for 42 gold pieces
 74992 | Orc:2    | Bought a potion of haste for 140 gold pieces
 74992 | Orc:2    | Bought a potion of haste for 140 gold pieces
 74992 | Orc:2    | Bought a potion of heal wounds for 70 gold pieces
 74992 | Orc:2    | Bought a potion of resistance for 140 gold pieces
 74992 | Orc:2    | Bought a potion of haste for 140 gold pieces
 75035 | Orc:2    | Bought 2 silver javelins for 62 gold pieces
 75266 | D:3      | Bought a potion of brilliance for 40 gold pieces
 75266 | D:3      | Bought a potion of might for 40 gold pieces
 75266 | D:3      | Bought a potion of brilliance for 40 gold pieces
 75266 | D:3      | Bought a potion of cancellation for 80 gold pieces
 75340 | D:6      | Bought 4 javelins for 41 gold pieces
 75566 | Zot:1    | Entered Level 1 of the Realm of Zot
 76172 | Zot:1    | Identified the +1 leather armour of Hysteria {rF- Will-
                  | Str+3 Dex+4}
 76207 | Zot:1    | Reached skill level 10 in Evocations
 76211 | Zot:1    | Gained mutation: You are dopey. (Int -2) [mutagenic glow]
 76776 | Zot:2    | Found a runed translucent gate.
 76777 | Zot:2    | Found a runed translucent gate.
 76778 | Zot:2    | Found a runed translucent gate.
 76779 | Zot:2    | Noticed Teqoj's ghost (legendary MiBe)
 76779 | Zot:2    | Noticed a dread lich
 76779 | Zot:2    | Noticed a dread lich
 78483 | Zot:2    | Killed a dread lich
 78514 | Zot:2    | Killed a dread lich
 78549 | Zot:2    | Killed Teqoj's ghost
 78554 | Zot:2    | Identified the +2 hat of Rotation {Str+6}
 78611 | Zot:2    | Identified the +3 acid dragon scales of Mumblety Peg {Harm
                  | rPois rCorr Dex+2}
 79558 | Zot:4    | Reached skill level 10 in Shields
 79901 | Zot:4    | Reached XP level 25. HP: 186/189 MP: 35/47
 80444 | Zot:4    | Noticed an orb of fire
 80454 | Zot:4    | Killed an orb of fire
 80916 | Zot:5    | Entered Level 5 of the Realm of Zot
 81741 | Zot:5    | Killed an orb of fire
 81759 | Zot:5    | Learned a level 6 spell: Dispersal
 81898 | Zot:5    | Noticed an orb of fire
 81974 | Zot:5    | Noticed an orb of fire
 81977 | Zot:5    | Gained mutation: Your body sometimes deteriorates upon
                  | taking damage. [an orb of fire]
 82406 | Zot:5    | Noticed an ancient lich
 83348 | Zot:5    | Noticed an orb of fire
 83369 | Zot:5    | Noticed an orb of fire
 83369 | Zot:5    | Gained mutation: You do not regenerate when monsters are
                  | visible. [an orb of fire]
 83413 | Zot:5    | Killed an orb of fire
 83983 | Zot:5    | Noticed an orb of fire
 84156 | Zot:5    | Gained mutation: You are very weak. (Str -4) [an orb of
                  | fire]
 84164 | Zot:5    | Gained mutation: Your spells are a little easier to cast,
                  | but a little less powerful. [an orb of fire]
 84165 | Zot:5    | Gained mutation: You are frail. (-10% HP) [an orb of fire]
 84172 | Zot:5    | Killed an orb of fire
 84394 | Zot:5    | Noticed an orb of fire
 85019 | Zot:5    | Gained mutation: Your spells are easier to cast, but less
                  | powerful. [an orb of fire]
 85026 | Zot:5    | Gained mutation: You occasionally shout uncontrollably at
                  | your foes. [an orb of fire]
 85031 | Zot:5    | Killed an orb of fire
 85031 | Zot:5    | Gained mutation: You are very frail. (-20% HP) [mutagenic
                  | glow]
 85091 | Zot:5    | Lost mutation: You do not regenerate when monsters are
                  | visible. [potion of mutation]
 85091 | Zot:5    | Lost mutation: You have large cloven feet. [potion of
                  | mutation]
 85091 | Zot:5    | Lost mutation: Your spells are easier to cast, but less
                  | powerful. [potion of mutation]
 85091 | Zot:5    | Gained mutation: Armour fits poorly on your strangely
                  | shaped body. [potion of mutation]
 85091 | Zot:5    | Gained mutation: You have a considerably increased
                  | reservoir of magic. (+20% MP) [potion of mutation]
 85177 | Zot:5    | Gained mutation: You do not regenerate when monsters are
                  | visible. [an orb of fire]
 85844 | Zot:5    | Noticed an orb of fire
 85845 | Zot:5    | Gained mutation: You sometimes lose your temper in combat.
                  | [an orb of fire]
 85847 | Zot:5    | Lost mutation: You have a considerably increased reservoir
                  | of magic. (+20% MP) [an orb of fire]
 85990 | Zot:5    | Got the Orb of Zot
 86010 | Zot:4    | Lost mutation: Armour fits poorly on your strangely shaped
                  | body. [potion of mutation]
 86010 | Zot:4    | Lost mutation: You are very frail. (-20% HP) [potion of
                  | mutation]
 86011 | Zot:4    | Lost mutation: You sometimes lose your temper in combat.
                  | [potion of mutation]
 86011 | Zot:4    | Lost mutation: You are frail. (-10% HP) [potion of
                  | mutation]
 86012 | Zot:4    | Lost mutation: You are very weak. (Str -4) [potion of
                  | mutation]
 86012 | Zot:4    | Lost mutation: You are weak. (Str -2) [potion of mutation]
 86012 | Zot:4    | Lost mutation: Your body sometimes deteriorates upon taking
                  | damage. [potion of mutation]
 86012 | Zot:4    | Gained mutation: You have hidden genetic potential. [potion
                  | of mutation]
 86126 | Zot:3    | Noticed Wierchohu the pandemonium lord
 86238 | Zot:1    | Noticed a seraph
 86247 | Depths:4 | Noticed Atem the pandemonium lord
 86452 | D:9      | Noticed Edoacweg the pandemonium lord
 86679 | D:$      | Escaped with the Orb!

Illustrated notes

Levels and vault maps discovered:
D:1:      minmay_arrival_jagged, layout_loops_ring,
          shapermc_ecumenical_altar_mp_vishouse, serial_shops, shop,
          chequers_serial_rivers_small_b, serial_bayou_pond_d
D:2:      layout_rooms, nicolae_figureground_pulse
D:3:      layout_loops_ring, minitemple, serial_shops, nicolae_shop_crystal,
          nicolae_shop_stone, shop, nrook_campfire, grunt_ministairs_2,
          patterned_corridor
D:4:      kennysheep_six_static_rooms, layout_basic,
          minmay_temple_entry_proselytizer, gammafunk_ghost_gnarly_gnolls
D:5:      layout_basic, minmay_starry_boxes, uniq_ijyb, uniq_sigmund
D:6:      layout_cave_pods, nicolae_ru_awakened_eye, serial_shops,
          nicolae_lakefront_shop, serial_glass, glass_columns_a,
          glass_columns_a, feat_on_display, item_on_display_a,
          nicolae_stop_n_shop_1, nicolae_take_the_stairs
D:7:      minmay_clustersquares, layout_loops_corners, dk_yredelemnul_ordeal,
          nicolae_ossuary_entry_ruins, due_unseen_surprise, uniq_prince_ribbit1,
          uniq_menkaure
D:8:      layout_basic
D:9:      layout_loops_ring, lair_entry_dummy, nzn_life_drinkers, uniq_pikel
D:10:     layout_loops_ring, minmay_misc_feat_cross
D:11:     layout_basic, serial_undead, serial_undead_e, serial_undead_b,
          serial_undead_b, serial_undead_f, uniq_nergalle
D:12:     layout_irregular_city, orc_0_dummy, dk_noncrumbling_2,
          kennysheep_generic_room_9
D:13:     layout_long_grid, wad_scary_box
D:14:     layout_roguey [special_room_bee], grunt_vaults_entry_tiered
D:15:     hangedman_depths_entry_civil_slaughter, layout_loops_ring,
          serial_park_avenue1, uniq_josephine
Temple:   eino_temple_water
Lair:1:   layout_chaotic_city, enter_volcano_3, uniq_sonja, uniq_erica
Lair:2:   layout_long_grid, spider_nest_entry_webs, roderic_carrion_pond
Lair:3:   layout_concentric_octagons, minmay_shoals_entry_hut, ebering_ghost_xom
Lair:4:   layout_long_grid
Lair:5:   layout_regular_city, minmay_slime_entry_jelly_boxes, lookout_lair_type
Lair:6:   hangedman_lair_tendril_chambers, layout_regular_city
Shoals:1: layout_shoals
Shoals:2: nicolae_shoals_mermall, layout_shoals, nicolae_shoals_lost_giant_hut
Shoals:3: layout_shoals
Shoals:4: shoals_end_hangedman, layout_shoals, uniq_polyphemus
Spider:1: layout_chambers, ebering_ghost_disaster_area,
          portal_ice_cave_entry_pillars_four, special_room,
          beargit_elvish_explorers
Spider:2: layout_spider_delve
Spider:3: layout_chambers, special_room, nicolae_spider_circle_web, uniq_kirke,
          uniq_louise
Spider:4: grunt_spider_rune_parallel, nicolae_spider_altar_of_dancing
Orc:1:    layout_caves, serial_shops, nicolae_shop_hallway_stairs,
          mines4_lemuel, uniq_urug
Orc:2:    st_orc_open, layout_caves, serial_shops, shop, uniq_jorgrun,
          uniq_azrael, uniq_saint_roka
Elf:1:    eino_elf_arrival_sip, layout_geoelf_octagon, basic_altar,
          hangedman_elf_disciples, grunt_megastairs_4
Elf:2:    nicolae_elf_blades_splatter_lattice [nicolae_blade_bullseye],
          layout_geoelf_octagon, david_defended_altar_elf, uniq_nikola
Elf:3:    elf_hall, layout_geoelf_castle, wad_floor_pattern_1, uniq_donald,
          uniq_aizul
Vaults:1: lightli_enter_wizlab_magi_temple, hangedman_vaults_impose,
          v_pattern_5, v_misc_16, hangedman_vaults_trim,
          vaults_room_fancy_cross, grunt_vaults_diagonal, v_misc_30,
          nicolae_vaults_specimen_jars, nicolae_vaults_what_the_h,
          ontoclasm_vaults_spin, vaults_room_hallway, layout_vaults_big_cross
Vaults:2: portal_desolation_entry_nicolae_nacl, hangedman_vaults_restitches,
          hangedman_vaults_stitches, hangedman_vaults_restitches,
          v_alt_pattern_1, v_alt_pattern_6, nicolae_vaults_little_squares_2,
          hangedman_vaults_stretched_pinwheel, nicolae_vaults_statue_guard,
          hangedman_vaults_trim, vaults_room_fours,
          nicolae_vaults_little_squares_4, vaults_room_large_hall,
          layout_vaults_omnibox
Vaults:3: gammafunk_ghost_mausoleum, vaults_standard_mumra_x, v_misc_12,
          v_misc_19, v_misc_11, v_rooms_3, v_rooms_2,
          layout_vaults_chaotic_city, uniq_mennas
Vaults:4: ontoclasm_vaults_fault, vaults_room_door_hall,
          ontoclasm_vaults_loading_screen, vaults_mumra_lcd,
          vaults_room_door_ring, layout_vaults_omnigrid, uniq_zenata
Vaults:5: serial_shops, uniq_sojobo
Crypt:1:  layout_misc_corridors
Crypt:2:  layout_misc_corridors, gammafunk_ghost_split, st_stairs_7,
          lemuel_statue_altar, small_chamber_with_monster, grunt_ministairs_4
Crypt:3:  lightli_unholy_cathedral, layout_chaotic_city,
          nicolae_tomb_entry_rubble_hallway
Depths:1: layout_honeycomb, enter_ziggurat_e, nicolae_qazlal_style_of_elements,
          serial_shops, shop_fountains, hangedman_coc_ice_floe,
          lemuel_angel_altar
Depths:2: nooodl_heptagram, layout_twisted_cross, grunt_mini_vestibule,
          hangedman_glass_teeth, grunt_pan_entry_sceptre
Depths:3: minmay_the_grid_plus [minmay_the_grid_tiny_cups,
          minmay_the_grid_holed_spiral, minmay_the_grid_all_tris,
          minmay_the_grid_airy, minmay_the_grid_prize_inner_circle],
          layout_basic, serial_curves, eino_curves_04, eino_curves_04,
          eino_curves_04, eino_curves_03, abyss_entry, hell_entry,
          infiniplex_staircase_zigzag_4
Depths:4: grunt_x_marks_the_spot, layout_gridville,
          pdpol_wu_jian_five_deadly_venoms, hell_entry, rand_demon_pan_entry_7,
          minivault_11, hangedman_decor_opposing, uniq_parghit, uniq_vv
Zot:1:    layout_cellular_growth
Zot:2:    kennysheep_spiral_hall, layout_cathedral_of_symmetry,
          gammafunk_ghost_necromancy, drop_trap
Zot:3:    nicolae_moth_party, layout_gridlike, hangedman_zot_decor_checkerboard,
          st_single_dragon_hoard_3, lemuel_elevator
Zot:4:    grunt_zot_stairs_mandelzot, layout_misc_corridors
Zot:5:    layout_gridlike, st_stairs_8, drop_trap, hangedman_zot_decor_tridents,
          skrybe_zot_glass_1

Skill      XL: |  1  2  3  4  5  6  7  8  9 10 11 12 13 14 15 16 17 18 19 20 21 22 23 24 25 |
---------------+----------------------------------------------------------------------------+-----
Short Blades   | 3 4 5 7 8 9 10 | 10.0
Fighting       | 3 4 5 6 8 9 |  9.3
Armour         | 1 2 3 4 8 10 11 12 13 | 13.7
Shields        | 1 2 3 4 7 10 11 | 11.7
Spellcasting   | 1 2 3 4 5 6 7 8 9 10 12 14 | 14.5
Ice Magic      | 1 2 4 6 7 8 |  8.0
Evocations     | 1 2 3 5 6 7 8 9 10 11 | 11.2
Dodging        | 2 3 4 6 7 8 |  8.8
Summonings     | 3 5 7 9 10 | 10.0
Hexes          | 2 7 10 11 13 14 | 14.9
Air Magic      | 3 |  3.0
Transmutations | 5 7 9 10 11 12 13 14 | 14.5
Fire Magic     | 5 7 9 10 11 12 | 12.9
Poison Magic   | 5 7 9 10 11 12 | 12.9
Throwing       | 2 5 6 8 |  8.0
Earth Magic    | 1 5 8 10 11 12 13 14 | 14.5
Translocations | 3 5 6 8 9 |  9.3
Conjurations   | 4 6 7 8 10 11 12 13 | 13.0
Necromancy     | 3 6 7 8 |  8.9
Stealth        | |  4.5

Action                   |  1- 3 |  4- 6 |  7- 9 | 10-12 | 13-15 | 16-18 | 19-21 | 22-24 | 25-27 || total
-------------------------+-------+-------+-------+-------+-------+-------+-------+-------+-------++-------
Melee: Short sword       |    38 |       |       |       |       |       |       |       |       ||    38
       Dagger            |    19 |   169 |   228 |   512 |   443 |   312 |   179 |    84 |    17 ||  1963
       Double sword      |       |       |       |       |       |       |     5 |       |       ||     5
       Staff             |       |       |       |       |       |       |    17 |     3 |     1 ||    21
Throw: Dart              |     9 |     3 |       |    18 |     8 |       |     5 |       |     1 ||    44
       Stone             |       |     8 |    19 |    17 |       |       |       |       |       ||    44
       Boomerang         |       |     1 |    58 |       |     6 |    44 |    52 |   124 |    36 ||   321
       Javelin           |       |       |       |       |     1 |       |       |       |       ||     1
       Throwing net      |       |       |       |       |       |       |     1 |       |       ||     1
 Cast: Frozen Ramparts   |       |     7 |    32 |    78 |    47 |    11 |       |       |       ||   175
       Summon Ice Beast  |       |       |       |    26 |    44 |    18 |     1 |       |       ||    89
       Summon Mana Viper |       |       |       |     5 |    64 |    41 |    15 |     5 |     4 ||   134
       Ignite Poison     |       |       |       |       |   169 |   315 |   208 |   216 |    34 ||   942
       Poisonous Vapours |       |       |       |       |   140 |   260 |   163 |   210 |    34 ||   807
       Olgreb's Toxic Ra |       |       |       |       |    52 |    67 |    49 |    24 |     3 ||   195
       Lee's Rapid Decon |       |       |       |       |       |   145 |   196 |   175 |    17 ||   533
       Apportation       |       |       |       |       |       |     2 |     2 |     4 |     4 ||    12
       Irradiate         |       |       |       |       |       |    53 |   110 |   190 |    84 ||   437
       Iskenderun's Myst |       |       |       |       |       |       |    43 |   158 |    35 ||   236
       Dispel Undead     |       |       |       |       |       |       |   105 |    72 |     5 ||   182
       Discord           |       |       |       |       |       |       |       |    57 |    30 ||    87
       Passwall          |       |       |       |       |       |       |       |     2 |     2 ||     4
       Dispersal         |       |       |       |       |       |       |       |       |     6 ||     6
Evoke: Wand              |     1 |       |    10 |    15 |    16 |    31 |    11 |    19 |     3 ||   106
       Phantom mirror    |       |       |       |     1 |     1 |     2 |     1 |     1 |       ||     6
       Condenser vane    |       |       |       |       |     4 |     8 |     9 |    10 |     1 ||    32
       Tin of tremorston |       |       |       |       |       |    10 |    12 |    11 |       ||    33
       Phial of floods   |       |       |       |       |       |       |     5 |     2 |     1 ||     8
       Box of beasts     |       |       |       |       |       |       |       |     1 |       ||     1
  Use: Potion            |     1 |       |     1 |     2 |     3 |     2 |    18 |     9 |    15 ||    51
       Scroll            |       |     7 |    10 |    12 |    14 |    11 |    20 |    11 |    10 ||    95
 Stab: Sleeping          |     6 |    11 |     6 |     7 |     4 |     3 |     9 |     5 |       ||    51
       Paralysed         |       |       |     5 |     5 |     1 |     2 |     1 |     5 |       ||    19
       Distracted        |       |       |       |     5 |     3 |    11 |     2 |     1 |       ||    22
Armor: Leather armour    |    12 |    26 |    32 |     2 |       |       |       |       |       ||    72
       Steam dragon scal |       |       |     5 |   108 |    63 |       |       |       |       ||   176
       Troll leather arm |       |       |       |       |    22 |   247 |    12 |       |       ||   281
       Ring mail         |       |       |       |       |       |       |   292 |   312 |    87 ||   691
Dodge: Dodged            |    24 |    46 |    93 |   262 |   251 |   310 |   244 |   329 |    87 ||  1646
Block: Buckler           |     1 |    27 |    39 |   124 |    99 |   122 |   206 |   238 |    68 ||   924

Table legend: (Time is in decaauts)
 A = Elapsed time spent in this place.
 B = Non-inter-level travel time spent in this place.
 C = Inter-level travel time spent in this place.
 D = Time resting spent in this place.
 E = Time spent auto-exploring this place.
 F = Levels seen in this place.
 G = Mean time per level.
                   A        B        C        D        E       F      G
               +--------+--------+--------+--------+--------+-----+--------+
         Total |  86194 |  79287 |   6907 |   9999 |  53056 |  60 | 1436.6 |
       Dungeon |  22025 |  18720 |   3305 |   1351 |  13617 |  15 | 1468.3 |
        Temple |      1 |      1 |      0 |      0 |      0 |   1 |    1.0 |
          Lair |   9941 |   9315 |    626 |    531 |   7295 |   6 | 1656.8 |
        Shoals |   4583 |   4410 |    173 |    155 |   3475 |   4 | 1145.8 |
   Spider Nest |   5255 |   5099 |    156 |    605 |   3672 |   4 | 1313.8 |
  Orcish Mines |   2717 |   2331 |    386 |    123 |   1808 |   2 | 1358.5 |
   Elven Halls |   4764 |   4137 |    627 |    624 |   2652 |   3 | 1588.0 |
        Vaults |   9313 |   8823 |    490 |   1212 |   5508 |   5 | 1862.6 |
         Crypt |   4254 |   4071 |    183 |    509 |   2788 |   3 | 1418.0 |
        Depths |   8522 |   8002 |    520 |   1017 |   5647 |   4 | 2130.5 |
           Zot |  10686 |  10249 |    437 |   2487 |   5826 |   5 | 2137.2 |
         Abyss |   1254 |   1254 |      0 |    548 |     13 |   3 |  418.0 |
       Ossuary |    371 |    371 |      0 |    131 |     36 |   1 |  371.0 |
      Ice Cave |   1037 |   1037 |      0 |    466 |    303 |   1 | 1037.0 |
       Volcano |    192 |    192 |      0 |      0 |      0 |   1 |  192.0 |
        Wizlab |    338 |    338 |      0 |     62 |    122 |   1 |  338.0 |
    Desolation |    934 |    934 |      0 |    175 |    292 |   1 |  934.0 |
               +--------+--------+--------+--------+--------+-----+--------+

Top non-repeatable levels by time:
   Zot:5: 5055 daAuts
   Zot:2: 2753 daAuts
  Lair:2: 2731 daAuts
Vaults:5: 2675 daAuts
Depths:2: 2618 daAuts
     D:9: 2338 daAuts
  Lair:6: 2289 daAuts
Depths:4: 2282 daAuts
Depths:3: 2209 daAuts
   Elf:3: 2088 daAuts
Vaults:3: 2022 daAuts
     D:5: 1961 daAuts
    D:12: 1958 daAuts
 Crypt:2: 1944 daAuts
     D:7: 1856 daAuts
